Map: Orbital Shipyard

Players

Chris (MCanning) - Winner!

  • Race: Protoss Protoss
  • League: Diamond

izzy

  • Race: Terran Terran
  • League: Platinum

VOD

Have the link to the VOD?

Description

Time

  • Played on: Nov. 11, 2015, 11:44 p.m.
  • Length: 13:57
Show
View Real Time Build Order
Export as new Build Order

Chris Protoss - Winner!

Build Orders: 1 Gate Expand, Blink Stalkers 

Get SALT Encoding   

  12  0:01  Probe (Chrono Boost)  
  13  0:11  Probe (Chrono Boost)  
  14  0:17  Pylon  
  14  0:22  Probe (Chrono Boost)  
  16  0:35  Probe (Chrono Boost)  
  16  0:40  Gateway  
  16  0:46  Probe (Chrono Boost)  
  17  0:53  Assimilator  
  17  0:56  Probe (Chrono Boost)  
  18  1:04  Pylon  
  18  1:07  Probe (Chrono Boost)  
  19  1:17  Probe (Chrono Boost)  
  20  1:38  Nexus  
  20  1:43  Cybernetics Core  
  20  1:50  Probe (Chrono Boost)  
  20  1:51  Assimilator  
  21  2:01  Probe (Chrono Boost)  
  22  2:09  Pylon  
  22  2:11  Probe (Chrono Boost)  
  23  2:22  Mothership Core (Chrono Boost)  
  27  2:25  Warp Gate  
  27  2:30  Adept (Chrono Boost)  
  27  2:42  Probe  
  28  2:51  Probe (Chrono Boost)  
  28  2:54  Probe (Chrono Boost)  
  30  3:02  Probe (Chrono Boost)  
  30  3:05  Probe (Chrono Boost)  
  32  3:07  Twilight Council  
  32  3:08  Gateway  
  32  3:10  Gateway  
  33  3:13  Probe (Chrono Boost)  
  33  3:15  Probe (Chrono Boost)  
  34  3:23  Probe (Chrono Boost)  
  34  3:24  Robotics Facility  
  35  3:27  Probe (Chrono Boost)  
  35  3:34  Probe (Chrono Boost)  
  37  3:38  Probe (Chrono Boost)  
  38  3:44  Probe (Chrono Boost)  
  38  3:46  Blink  
  39  3:50  Probe (Chrono Boost)  
  39  3:55  Probe (Chrono Boost)  
  41  3:58  Pylon  
  41  4:00  Probe (Chrono Boost)  
  41  4:02  Assimilator  
  42  4:04  Assimilator  
  42  4:05  Probe (Chrono Boost)  
  41  4:11  Probe (Chrono Boost)  
  41  4:12  Observer (Chrono Boost)  
  41  4:16  Probe  
  44  4:23  Probe  
  45  4:29  Probe  
  45  4:30  Stalker  
  49  4:31  Observer (Chrono Boost)  
  49  4:34  Stalker x2  
  49  4:35  Probe  
  54  4:41  Probe, Pylon  
  54  4:43  Pylon  
  55  4:47  Forge  
  55  4:50  Gateway, Observer (Chrono Boost)  
  55  4:52  Gateway  
  56  4:53  Probe  
  56  4:55  Pylon  
  57  5:00  Pylon  
  57  5:05  Robotics Bay  
  57  5:08  Observer (Chrono Boost)  
  58  5:14  Probe  
  58  5:19  Pylon  
  59  5:27  Immortal (Chrono Boost)  
  63  5:31  Probe  
  64  5:36  Probe  
  65  5:43  Probe  
  65  5:48  Probe, Photon Cannon  
  67  5:50  Photon Cannon  
  67  5:51  Protoss Ground Armor Level 1 (Chrono Boost)  
  67  5:56  Adept  
  69  5:57  Adept  
  71  6:05  Disruptor (Chrono Boost)  
  74  6:16  Probe  
  75  6:22  Nexus  
  74  6:25  Stalker x2  
  74  6:26  Stalker x3  
  84  6:40  Disruptor (Chrono Boost)  
  87  6:50  Resonating Glaives, Probe  
  88  6:55  Nexus  
  88  6:56  Pylon  
  88  6:59  Forge  
  88  7:01  Pylon  
  88  7:03  Probe  
  88  7:06  Probe  
  90  7:11  Pylon  
  90  7:14  Stalker x2  
  90  7:15  Probe  
  95  7:18  Probe, Disruptor (Chrono Boost)  
  99  7:30  Zealot  
  99  7:31  Zealot x2  
  99  7:32  Protoss Ground Weapons Level 1 (Chrono Boost)  
  105  7:41  Zealot, Photon Cannon  
  105  7:43  Pylon  
  107  7:53  Disruptor (Chrono Boost)  
  107  7:59  Probe  
  107  8:00  Probe  
  107  8:05  Protoss Ground Armor Level 2 (Chrono Boost)  
  105  8:06  Probe  
  105  8:10  Assimilator  
  105  8:11  Probe  
  107  8:13  Probe  
  107  8:14  Assimilator  
  107  8:17  Photon Cannon  
  108  8:23  Stalker x2, Disruptor (Chrono Boost)  
  115  8:31  Probe  
  116  8:35  Pylon  
  116  8:37  Pylon  
  116  8:39  Photon Cannon  
  116  8:48  Stalker x3  
  122  8:56  Disruptor (Chrono Boost)  
  122  8:57  Photon Cannon  
  125  9:03  Adept x2  
  129  9:11  Stalker  
  129  9:12  Stalker x2  
  135  9:17  Pylon  
  135  9:19  Pylon  
  135  9:27  Disruptor  
  135  9:30  Probe  
  139  9:36  Stalker x5  
  149  9:40  Pylon  
  149  9:47  Protoss Ground Weapons Level 2 (Chrono Boost)  
  149  9:52  Pylon  
  149  9:58  Robotics Facility  
  149  10:01  Photon Cannon x2  
  149  10:03  Disruptor (Chrono Boost)  
  149  10:05  Zealot  
  149  10:06  Photon Cannon  
  154  10:24  Probe  
  154  10:25  Stalker  
  154  10:26  Stalker x3  
  161  10:38  Nexus, Disruptor (Chrono Boost)  
  161  10:39  Pylon  
  164  10:48  Probe  
  165  10:58  Pylon  
  165  11:06  Pylon  
  165  11:09  Observer (Chrono Boost), Disruptor (Chrono Boost)  
  167  11:12  Adept x4  
  167  11:13  Adept  
  177  11:23  Probe  
  178  11:25  Immortal (Chrono Boost)  
  178  11:31  Protoss Ground Armor Level 3 (Chrono Boost)  
  182  11:35  Photon Cannon  
  182  11:38  Probe, Photon Cannon, Assimilator  
  182  11:39  Zealot x2, Photon Cannon  
  187  11:41  Zealot  
  187  11:43  Assimilator  
  189  11:49  Stargate  
  189  11:50  Stargate  
  189  11:52  Probe  
  188  11:58  Disruptor  
  188  12:01  Disruptor  
  188  12:07  Stalker x3  
  184  12:43  Stalker x2  
  184  12:44  Stalker x3  
  190  13:03  Disruptor  
  176  13:09  Zealot x2  
  180  13:18  Disruptor  
  176  13:22  Stalker x3  
  189  13:27  Fleet Beacon  
  183  13:42  Zealot x2  
Show
View Real Time Build Order
Export as new Build Order

izzy Terran 

Build Orders: Reaper Expand, MMM Bio 

Get SALT Encoding   

  12  0:01  SCV  
  13  0:13  SCV  
  14  0:17  Supply Depot  
  14  0:25  SCV  
  15  0:39  SCV, Barracks  
  16  0:45  Refinery  
  16  0:51  SCV  
  17  1:03  SCV  
  18  1:15  SCV  
  19  1:27  Orbital Command  
  19  1:30  Reaper  
  20  1:46  Command Center  
  21  1:54  SCV  
  21  1:55  Supply Depot  
  21  2:03  Barracks Reactor  
  21  2:07  SCV  
  22  2:19  SCV  
  23  2:27  Factory, Barracks  
  23  2:31  SCV  
  23  2:33  Refinery  
  24  2:42  Marine x2  
  24  2:44  SCV  
  26  2:54  Bunker  
  26  2:56  SCV  
  27  2:59  Marine  
  27  3:00  Marine  
  27  3:02  Orbital Command  
  29  3:17  Widow Mine  
  31  3:20  Barracks Tech Lab  
  31  3:23  SCV, Starport  
  31  3:25  Marine  
  31  3:26  Marine  
  34  3:33  Supply Depot  
  34  3:44  Stimpack  
  32  3:56  Marine x2  
  32  3:57  Marauder  
  35  4:06  Medivac  
  35  4:07  Widow Mine  
  35  4:08  SCV x2  
  41  4:20  SCV x2, Marine  
  41  4:21  Marine  
  45  4:25  Marine  
  46  4:32  SCV  
  46  4:33  SCV  
  48  4:39  Marine  
  48  4:40  Marine  
  48  4:42  Factory Reactor  
  48  4:45  SCV x2  
  52  4:46  Medivac  
  54  4:53  Supply Depot x2  
  54  5:09  Engineering Bay  
  54  5:11  Refinery  
  54  5:14  SCV x2, Marine x3  
  59  5:32  Marine x2  
  59  5:35  Marine  
  59  5:36  Factory Reactor  
  59  5:37  SCV, Medivac x2  
  65  5:44  Command Center, Combat Shields  
  65  5:49  SCV, Marine  
  67  5:50  SCV  
  67  5:52  Terran Infantry Weapons Level 1  
  67  5:54  Barracks  
  67  5:57  Marine x2  
  70  6:09  Supply Depot  
  70  6:10  Supply Depot  
  70  6:13  SCV x2  
  70  6:15  Marauder, Widow Mine x2  
  78  6:30  SCV x2, Medivac, Marine  
  81  6:37  Marauder, Marine  
  81  6:38  Medivac  
  74  6:43  SCV x2, Refinery  
  74  6:46  Missile Turret  
  76  6:49  Barracks Tech Lab  
  76  7:00  Orbital Command  
  76  7:02  Marauder, Marine x2  
  76  7:04  Missile Turret, Medivac  
  76  7:05  Missile Turret  
  76  7:07  SCV  
  83  7:12  Marauder  
  83  7:13  Concussive Shells  
  85  7:17  Orbital Command, Widow Mine, Medivac  
  85  7:21  SCV  
  90  7:24  Marauder  
  92  7:34  Marauder, Marine x2  
  96  7:42  Widow Mine, Medivac  
  100  7:45  SCV x2  
  100  7:46  SCV  
  100  7:48  Terran Infantry Armor Level 1  
  102  7:57  SCV  
  84  8:07  Marine x2  
  84  8:08  Marauder x2  
  84  8:12  SCV x3  
  93  8:13  Widow Mine x2, Barracks x2, Medivac x2  
  101  8:24  SCV x3  
  99  8:28  Liberator  
  99  8:32  Marauder x2, Marine x2  
  100  8:36  Supply Depot  
  100  8:38  Refinery  
  100  8:39  Supply Depot  
  100  8:45  Refinery  
  100  8:46  Starport  
  103  8:52  SCV x3  
  103  8:54  Marauder  
  108  8:56  Liberator  
  110  9:02  Marine  
  110  9:03  Barracks Reactor, Marine, Marauder  
  110  9:04  Barracks Tech Lab  
  112  9:14  Widow Mine x2  
  112  9:15  Marauder  
  121  9:20  Command Center, Supply Depot  
  123  9:24  Marauder  
  123  9:25  Supply Depot, Liberator  
  123  9:26  Supply Depot  
  123  9:31  Starport Reactor  
  123  9:33  Marine x2  
  125  9:42  Marauder  
  125  9:44  Marauder  
  132  9:47  Marauder  
  132  9:50  Marine x2  
  132  9:51  Widow Mine, Marine  
  132  9:52  Widow Mine  
  134  9:55  Armory  
  134  9:56  Medivac  
  134  9:57  Engineering Bay  
  136  10:00  SCV  
  136  10:01  SCV x2  
  136  10:04  Marauder  
  136  10:06  Marauder  
  143  10:14  Marauder, Marine x3  
  148  10:24  Liberator x2  
  148  10:25  Marauder, Liberator x2  
  144  10:30  Marine, Marauder  
  144  10:32  Marine  
  148  10:36  Marauder  
  148  10:40  Marine x2  
  164  10:57  Supply Depot x2, Terran Infantry Weapons Level 2, Marine  
  164  11:19  SCV x3, Marauder x2  
  164  11:20  Liberator x3  
  164  11:24  Marauder, Marine x3  
  170  11:29  Barracks  
  170  11:30  Barracks  
  170  11:32  Barracks  
  162  11:35  Marine  
  172  11:40  Marauder x2  
  172  11:41  Terran Ship Weapons Level 1  
  172  11:42  Marine x3  
  179  12:05  Marauder x2  
  146  12:32  Marauder  
  146  12:33  Marauder  
  132  12:38  Marauder  
  117  12:53  Marine  
  117  12:54  Marauder x2, Liberator  
  117  12:57  Marine x2  
  117  12:58  Marine x2  
  118  12:59  Marauder  
  118  13:04  Marine x2  
  114  13:11  Marine  
  118  13:15  Marauder x2, Marine x3  
  123  13:20  Marauder  
  114  13:32  Marine x3  
  103  13:38  Marine x3  
Tags
 
Add a new tag
Caveats
  • Supply blocks, unpowered buildings, or Contaminate may cause inaccurate times.
  • Supply counts are checked every 10 seconds.